Map: Dusk Towers

Players

Ailee (Azure)

  • Race: Terran Terran
  • League: Grandmaster

Excel - Winner!

  • Race: Zerg Zerg
  • League: Grandmaster

VOD

Have the link to the VOD?

Description

Time

  • Played on: Dec. 4, 2015, 4:59 a.m.
  • Length: 12:38
Show
View Real Time Build Order
Export as new Build Order

Ailee Terran 

Build Orders: Liberator Opening, Reaper Expand 

Get SALT Encoding   

  12  0:01  SCV  
  13  0:13  SCV  
  14  0:17  Supply Depot  
  14  0:25  SCV  
  15  0:39  SCV, Barracks  
  16  0:44  Refinery  
  16  0:51  SCV  
  17  1:03  SCV  
  18  1:15  SCV  
  19  1:27  Orbital Command  
  19  1:28  Reaper  
  20  1:39  Command Center  
  20  1:52  Supply Depot  
  20  1:54  SCV  
  20  2:00  Reaper  
  22  2:06  SCV  
  23  2:09  Refinery  
  23  2:18  SCV  
  24  2:23  Factory  
  24  2:31  SCV  
  25  2:43  SCV, Barracks Reactor  
  26  2:55  SCV  
  26  2:57  Orbital Command  
  27  3:07  SCV  
  27  3:08  Starport  
  28  3:19  SCV  
  29  3:29  Liberator  
  29  3:30  SCV  
  29  3:31  SCV  
  30  3:35  Hellion x2  
  30  3:38  Barracks Tech Lab  
  33  3:41  Supply Depot  
  33  3:42  SCV  
  33  3:43  SCV  
  38  3:51  Supply Depot  
  38  3:54  SCV  
  40  3:55  SCV  
  40  3:56  Marine  
  40  3:57  Hellion x2, Stimpack  
  45  4:07  SCV x2  
  45  4:08  Supply Depot  
  47  4:14  Marauder  
  49  4:19  SCV x2  
  51  4:29  Medivac  
  51  4:31  SCV, Barracks  
  54  4:32  SCV, Barracks  
  54  4:36  Engineering Bay, Factory Reactor  
  54  4:37  Marauder  
  57  4:43  SCV  
  57  4:44  SCV  
  59  4:51  Refinery  
  59  4:55  SCV  
  59  4:56  SCV  
  59  4:58  Marine  
  62  5:03  Supply Depot  
  62  5:06  Starport Reactor  
  62  5:07  SCV  
  62  5:08  SCV  
  62  5:11  Terran Infantry Weapons Level 1  
  62  5:12  Supply Depot, Barracks  
  62  5:13  Barracks  
  64  5:17  Marauder  
  64  5:19  SCV  
  64  5:20  SCV, Marine x2  
  70  5:26  Factory Reactor  
  70  5:28  Supply Depot, Marine x2  
  72  5:31  SCV  
  72  5:33  SCV  
  74  5:38  Marauder  
  76  5:43  SCV, Medivac  
  76  5:44  Medivac  
  76  5:45  SCV, Supply Depot, Marine x2  
  84  5:53  Marine x2  
  84  5:55  SCV  
  88  5:57  SCV  
  88  5:59  Marauder  
  88  6:00  Barracks Reactor  
  90  6:04  Refinery  
  90  6:05  Marine x3  
  90  6:08  SCV  
  90  6:09  SCV  
  90  6:10  Widow Mine x2  
  99  6:17  Marine x2  
  101  6:20  SCV  
  101  6:24  SCV  
  86  6:44  Supply Depot x2  
  86  6:46  Command Center  
  86  6:47  Supply Depot, Barracks Tech Lab  
  86  6:48  Barracks Reactor  
  86  6:49  Barracks Reactor  
  86  6:50  Supply Depot  
  86  6:51  Supply Depot  
  86  6:54  Supply Depot  
  86  7:03  Supply Depot  
  86  7:04  Supply Depot  
  86  7:05  Marine x2, Medivac x2, Widow Mine x2  
  86  7:06  Terran Infantry Armor Level 1, Marine x2  
  98  7:09  Armory  
  98  7:14  Marine  
  99  7:18  SCV  
  99  7:21  SCV  
  101  7:23  Marine x2  
  98  7:32  Marine x3  
  98  7:33  Marauder, Widow Mine x2, Marine x2  
  98  7:35  Medivac x2  
  99  7:41  Marine  
  100  7:48  Engineering Bay, Marine x2  
  100  7:50  Marine  
  103  7:52  Marine x3  
  103  7:53  Marine  
  103  7:54  Marauder  
  103  7:58  SCV  
  108  7:59  Marine  
  108  8:02  Widow Mine x2  
  113  8:05  Marine  
  113  8:06  Marine  
  113  8:08  Marine  
  113  8:10  Marine  
  113  8:12  SCV  
  118  8:17  SCV  
  118  8:19  Medivac x2  
  123  8:28  Orbital Command  
  123  8:30  Widow Mine x2  
  123  8:31  Marine x2  
  123  8:32  Marauder, Marine x3  
  123  8:33  Marine x2  
  136  8:35  Marine  
  137  8:49  Marine x4  
  137  8:50  Marine  
  137  8:51  Marine x2  
  137  8:53  Marauder  
  137  8:54  Marine  
  131  8:57  Medivac x2  
  131  8:59  Widow Mine x2  
  139  9:03  Factory  
  139  9:07  SCV, Marine  
  139  9:09  Marine x2  
  141  9:13  Marine  
  141  9:14  Marine x2  
  141  9:15  Marauder  
  142  9:23  Refinery, Barracks  
  142  9:25  Barracks  
  142  9:27  Medivac x2, Widow Mine x2, Marine  
  142  9:28  Barracks  
  142  9:29  Marine x2  
  142  9:30  Marine  
  154  9:35  Marine x2  
  156  9:42  Terran Infantry Weapons Level 2, Missile Turret, Terran Infantry Armor Level 2  
  156  9:49  Factory Tech Lab  
  156  9:50  Marine x2  
  156  9:51  Marauder  
  160  9:56  Command Center, Widow Mine x2  
  160  9:57  Marine  
  165  10:09  Marine x2  
  165  10:14  Marine x2  
  165  10:15  Marine  
  165  10:17  Marauder  
  165  10:20  Marine  
  165  10:21  Marine x4  
  150  10:24  Widow Mine x2  
  150  10:25  Marine  
  142  10:38  Marauder  
  142  10:42  Marine x2  
  127  10:49  Marine  
  108  10:51  Marine x5  
  108  10:54  Marine x3  
  100  10:59  Marine  
  100  11:00  Marine, Marauder  
  95  11:06  Marine  
  95  11:08  Marine  
  95  11:09  Marine x3  
  97  11:13  Marine x3  
  97  11:17  Marine x2  
  97  11:18  Orbital Command  
  93  11:24  Marine  
  80  11:26  Marine x2  
  80  11:28  Marauder, Marine x3  
  80  11:30  Marine  
  86  11:44  Marine  
  86  11:45  Barracks Tech Lab  
  86  11:46  Barracks Tech Lab, Marine  
  85  11:48  Marine x5  
  85  11:50  Marine  
  91  11:55  Marine  
  91  12:03  Siege Tank  
  91  12:04  Widow Mine  
  91  12:07  Widow Mine  
  97  12:13  Marine  
  97  12:14  Marine  
Show
View Real Time Build Order
Export as new Build Order

Excel Zerg - Winner!

Build Orders: Hatch First 

Get SALT Encoding   

  12  0:01  Drone  
  13  0:12  Overlord  
  13  0:20  Drone  
  14  0:33  Drone x2  
  16  0:40  Drone  
  17  0:54  Hatchery  
  16  0:58  Drone  
  16  1:01  Drone  
  18  1:13  Spawning Pool  
  18  1:15  Drone  
  18  1:18  Extractor  
  17  1:23  Drone  
  18  1:33  Drone  
  18  1:38  Overlord  
  19  1:56  Drone  
  19  1:59  Queen  
  19  2:00  Zergling x2  
  23  2:05  Queen  
  23  2:06  Drone  
  26  2:13  Drone  
  27  2:18  Drone  
  27  2:20  Metabolic Boost  
  28  2:24  Drone  
  29  2:31  Extractor  
  29  2:32  Drone x2  
  30  2:48  Queen  
  32  2:52  Spore Crawler  
  32  2:56  Drone  
  32  2:57  Drone x3  
  35  3:03  Overlord  
  36  3:10  Overlord  
  36  3:12  Overlord  
  36  3:22  Zergling x4  
  36  3:25  Spore Crawler  
  34  3:33  Drone x6  
  39  3:44  Drone x2  
  41  3:49  Hatchery, Baneling Nest, Extractor  
  41  3:54  Drone  
  39  3:56  Drone  
  39  4:01  Spore Crawler  
  39  4:06  Queen  
  39  4:07  Drone  
  39  4:08  Drone  
  43  4:15  Drone x3  
  43  4:16  Drone  
  47  4:20  Drone x2  
  49  4:24  Zergling x4  
  49  4:27  Zergling x2  
  52  4:31  Zergling x2  
  53  4:40  Zergling x2  
  53  4:44  Zergling x8  
  58  4:48  Overlord  
  58  4:57  Zergling x4  
  58  4:58  Overlord  
  60  5:02  Overlord  
  60  5:04  Zergling x4  
  62  5:08  Zergling x2  
  62  5:11  Zergling x2  
  62  5:12  Overlord x3  
  62  5:14  Overlord  
  64  5:15  Zergling x2  
  64  5:16  Zergling x4  
  64  5:21  Zergling x2  
  68  5:23  Zergling x2  
  68  5:24  Zergling x2  
  70  5:32  Zergling x2  
  71  5:40  Zergling x10  
  71  5:42  Drone  
  74  5:43  Drone x3  
  74  5:46  Zergling x4  
  74  5:48  Zergling x2  
  74  5:49  Queen x2  
  84  5:51  Zergling x4  
  84  5:56  Zergling x2  
  87  5:59  Baneling x7  
  87  6:00  Baneling x9  
  87  6:01  Baneling x2  
  87  6:02  Baneling  
  87  6:04  Zergling x2  
  87  6:05  Baneling  
  87  6:07  Zergling x2  
  87  6:10  Zergling x2  
  91  6:11  Zergling x4  
  91  6:13  Baneling x3  
  91  6:16  Zergling x4  
  94  6:24  Zergling x2  
  94  6:25  Zergling x6  
  80  6:36  Zergling x4  
  80  6:37  Zergling x2  
  80  6:39  Drone x2  
  73  6:40  Drone x4  
  73  6:44  Drone, Roach Warren  
  73  6:52  Drone x4  
  73  6:53  Drone x2  
  79  6:56  Extractor  
  78  7:02  Zergling x2  
  78  7:03  Zergling x2  
  78  7:04  Lair  
  78  7:05  Extractor  
  78  7:07  Baneling x6  
  80  7:08  Zergling x2  
  80  7:11  Zergling x2  
  80  7:12  Zergling x2  
  80  7:13  Zergling x2  
  83  7:25  Zergling x4  
  76  7:34  Roach x5  
  76  7:35  Roach x4  
  91  7:38  Drone  
  91  7:39  Drone x2  
  94  7:46  Drone x3  
  97  7:51  Drone  
  97  7:52  Evolution Chamber, Drone x2  
  97  7:53  Evolution Chamber, Drone  
  97  7:55  Drone  
  97  7:56  Extractor  
  99  8:01  Roach  
  97  8:10  Glial Reconstitution  
  97  8:17  Overlord  
  97  8:19  Roach  
  113  8:20  Roach x7  
  113  8:21  Zerg Missile Weapons Level 1  
  113  8:24  Zerg Ground Armor Level 1  
  113  8:28  Ravager  
  113  8:31  Overlord x3  
  114  8:40  Roach  
  118  8:41  Roach  
  118  8:43  Roach x2  
  121  8:54  Roach x6  
  121  8:55  Roach  
  133  8:56  Overseer  
  133  8:58  Roach x3  
  133  9:01  Ravager  
  133  9:02  Ravager  
  141  9:05  Overlord x2  
  141  9:10  Overlord  
  141  9:11  Overlord  
  141  9:13  Overlord  
  141  9:22  Overlord  
  141  9:25  Roach x5  
  141  9:27  Ravager  
  141  9:28  Ravager x2  
  154  9:33  Roach  
  154  9:34  Roach x3  
  154  9:37  Roach  
  154  9:38  Roach  
  166  9:40  Roach  
  166  9:41  Roach  
  166  9:43  Roach  
  172  9:47  Ravager  
  172  9:50  Roach  
  175  9:55  Roach x3  
  175  9:57  Overlord, Roach  
  175  9:58  Overlord  
  183  10:00  Overlord  
  183  10:03  Roach  
  183  10:05  Ravager  
  183  10:08  Roach  
  183  10:12  Ravager  
  185  10:18  Roach x2  
  165  10:24  Roach x5  
  165  10:27  Roach  
  159  10:36  Roach  
  159  10:37  Roach x5  
  159  10:41  Roach x2  
  163  10:43  Roach  
  163  10:46  Roach x2  
  163  10:49  Roach  
  153  10:53  Roach x2  
  153  10:56  Roach  
  153  10:57  Roach  
  146  10:58  Roach  
  146  11:03  Overseer  
  141  11:04  Roach  
  141  11:08  Roach x2  
  147  11:15  Roach x3  
  147  11:18  Roach x3  
  147  11:20  Roach  
  147  11:24  Roach x2  
  149  11:25  Zergling x2  
  149  11:26  Zergling x4  
  149  11:32  Ravager  
  153  11:35  Roach x2  
  157  11:40  Hatchery  
  157  11:42  Roach x3  
  157  11:44  Ravager  
  157  11:46  Drone  
  164  11:50  Drone  
  165  11:54  Ravager  
  165  11:56  Drone  
  165  11:57  Drone  
  165  12:00  Ravager  
  165  12:01  Ravager  
  170  12:02  Roach  
  170  12:05  Roach, Zergling x2  
  175  12:09  Roach  
  175  12:13  Roach  
  185  12:18  Ravager, Roach  
  190  12:27  Ravager  
Tags
 
Add a new tag
Caveats
  • Supply blocks, unpowered buildings, or Contaminate may cause inaccurate times.
  • Supply counts are checked every 10 seconds.